 Dungeon Crawl Stone Soup version 0.29-a0-330-g52719c12eb (webtiles) character file.

Game seed: 265263821627884046

157 Gwenloh the Gusty (level 5, -1/24 HPs)
             Began as a Vine Stalker Air Elementalist on May 24, 2022.
             Succumbed to a gnoll's poison
             ... on level 3 of the Dungeon.
             The game lasted 00:07:44 (3198 turns).

Gwenloh the Gusty (Vine Stalker Air Elementalist)   Turns: 3198, Time: 00:07:45

Health: -1/24      AC:  2    Str: 10    XL:     5   Next: 38%
Magic:  4/19       EV: 12    Int: 23    God:
Gold:   125        SH:  0    Dex: 15    Spells: 0/10 levels left

rFire   . . .      SeeInvis .   s - +2 dagger (venom)
rCold   . . .      Faith    .   (no shield)
rNeg    . . .      Spirit   +   a - +0 robe
rPois   .          Reflect  .   (no helmet)
rElec   .          Harm     .   (no cloak)
rCorr   .          Rampage  .   (no gloves)
Will    .....                   (no boots)
Stlth   +++.......              (no amulet)
HPRegen 0.88/turn               j - ring of magical power
MPRegen 0.16/turn               k - +6 ring of intelligence

@: lethally poisoned (-1 -> -14), attractive
A: fangs 2, regeneration 1, magic shield, antimagic bite, no potion heal 2
a: no special abilities


You were on level 3 of the Dungeon.
You visited 1 branch of the dungeon, and saw 3 of its levels.

You collected 125 gold pieces.

Inventory:

Hand Weapons
 p - a +0 dagger
 s - a +2 dagger of venom (weapon)
Armour
 a - a +0 robe (worn)
Magical Staves
 v - a staff of fire
 x - a staff of death
Jewellery
 j - a ring of magical power (left hand)
 k - a +6 ring of intelligence (right hand)
 t - a ring of flight
Wands
 w - a wand of acid (12)
Scrolls
 d - 3 scrolls of magic mapping {unknown}
 f - 3 scrolls of identify {unknown}
 i - 2 scrolls of fear {unknown}
 o - 2 scrolls of fog {unknown}
 q - a scroll of enchant weapon {unknown}
Potions
 b - 2 potions of magic
 c - a potion of ambrosia {unknown}
 e - a potion of heal wounds {unknown}
 g - a potion of brilliance {unknown}
 h - a potion of attraction
 l - a potion of berserk rage {unknown}
 m - a potion of lignification {unknown}
 n - a potion of cancellation {unknown}
 r - a potion of might {unknown}
 u - a potion of haste {unknown}


   Skills:
 - Level 1.5 Dodging
 + Level 4.0 Stealth
 + Level 3.2 Spellcasting
 + Level 2.4 Conjurations
 * Level 4.1 Air Magic


You couldn't memorise any spells.
You knew the following spells:

 Your Spells              Type           Power      Damage    Failure   Level
a - Shock                 Conj/Air       72%        1d7       3%          1
b - Static Discharge      Conj/Air       18%        N/A       4%          2
c - Airstrike             Air            11%        N/A       22%         4
d - Swiftness             Air            22%        N/A       6%          3

Your spell library contained the following spells:

 Spells                   Type           Power      Damage    Failure   Level
 Foxfire                  Conj/Fire      36%        2x1d5     7%          1
 Conjure Flame            Conj/Fire      9%         6-21      21%         3
 Stone Arrow              Conj/Erth      18%        3d8       21%         3
 Inner Flame              Hex/Fire       3%         N/A       34%         3
 Flame Wave               Conj/Fire      9%         2d5       56%         4
 Animate Armour           Summ/Erth      6%         N/A       75%         4
 Lehudib's Crystal Spear  Conj/Erth      4%         10d3      100%        8


Dungeon Overview and Level Annotations

Branches:
Dungeon (3/15)

Altars:

Shops:
D:3 =

Annotations:
D:3 1 runed translucent door, Crazy Yiuf


Innate Abilities, Weirdness & Mutations

You have extremely sharp teeth.
Your natural rate of healing is unusually fast.
When hurt, damage is shared between your health and your magic reserves.
Your bite disrupts and absorbs the magic of your enemies.
Potions cannot restore your health.


Message History

You see here a +0 dagger.
A gnoll comes into view. It is wielding a +0 club.
The gnoll moves out of view.
The gnoll shouts!
You hear a shout!
The zap hits the gnoll.
The gnoll is moderately wounded.
A gnoll comes into view. It is wielding a +0 flail of venom.
The zap hits the gnoll.
The gnoll is almost dead.
The zap misses the gnoll.
You closely miss the gnoll.
The gnoll is almost dead.
The gnoll hits you with a +0 club.
You hit the gnoll.
You kill the gnoll!
The zap misses the gnoll.
You hit the gnoll but do no damage.
The gnoll is poisoned.
The gnoll hits you with a +0 flail of venom.
You are poisoned.
Casting: Shock (safe; 3% risk of failure)
Confirm with . or Enter, or press ? or * to list all spells.
The gnoll is struck by an arc of lightning.
The gnoll is moderately wounded.
You are struck by an arc of lightning.
The lightning grounds out.
You feel very sick. The gnoll hits you but does no damage.
You are more poisoned.
Casting: Static Discharge (safe; 4% risk of failure)
Confirm with . or Enter, or press ? or * to list all spells.
The gnoll is struck by an arc of lightning.
The gnoll is heavily wounded.
You are struck by an arc of lightning.
The lightning grounds out.
You feel very sick.
The gnoll hits you with a +0 flail of venom!
You are more poisoned.
* * * LOW HITPOINT WARNING * * *
You feel very sick.
It was a potion of attraction.
You feel attractive to monsters.
You die...

##........# #.....#######
##........# ##.####.....#
##........# #.## #.....#
<#........# #..# #.....#
.#........# ##.# #.....#
.#........######.###.....#
..................)'.....+
#################g##.....#
#### #...##..@....#...#
...######.#.##'###.###.#.#
...##.....#..............#
...##.....#.........##.###
#####.....#......<...#
#.....#...#####.##.#
#..................#
#.......#..........#
#............###.#.#


You could see a gnoll (very poisoned).

Vanquished Creatures
  4 gnolls
  2 adders (D:2)
  An adder zombie (D:2)
  4 adder skeletons (D:2)
  A worm (D:2)
  2 dart slugs (D:1)
  4 orcs (D:3)
  8 ball pythons
  3 bats
  6 endoplasms
  3 giant cockroaches (D:3)
  5 goblins
  4 hobgoblins
  3 jackals (D:1)
  4 kobolds
  4 quokkas
  2 ball python skeletons (D:2)
  5 frilled lizards
  2 quokka skeletons (D:2)
  8 rats
75 creatures vanquished.

Vanquished Creatures (others)
  A withered plant (D:2)
1 creature vanquished.

Grand Total: 76 creatures vanquished

Notes
Turn   | Place    | Note
-------+----------+-------------------------------------------
     0 | D:1      | Gwenloh the Vine Stalker Air Elementalist began the quest
                  | for the Orb.
     0 | D:1      | Reached XP level 1. HP: 9/9 MP: 4/4
   146 | D:1      | Reached XP level 2. HP: 12/13 MP: 1/6
   209 | D:1      | Learned a level 2 spell: Static Discharge
   634 | D:1      | Reached XP level 3. HP: 16/16 MP: 1/7
  1548 | D:2      | Gained mutation: Your natural rate of healing is unusually
                  | fast. [Vine Stalker growth]
  1548 | D:2      | Reached XP level 4. HP: 20/21 MP: 9/9
  2080 | D:2      | Found a faded altar of an unknown god.
  2484 | D:2      | Learned a level 4 spell: Airstrike
  2709 | D:3      | Reached XP level 5. HP: 24/24 MP: 10/10
  2827 | D:3      | Found Fieps's Jewellery Boutique.
  2868 | D:3      | Found a runed translucent door.
  2869 | D:3      | Noticed Crazy Yiuf
  3059 | D:3      | Learned a level 3 spell: Swiftness
  3198 | D:3      | Succumbed to a gnoll's poison

Illustrated notes

Levels and vault maps discovered:
D:1:      giann_bridges, layout_basic, chequers_garden
D:2:      layout_basic, serial_undead, serial_undead_a, serial_undead_d,
          serial_undead_c, serial_undead_d, serial_undead_d, serial_undead_a,
          serial_undead_d, serial_undead_f, dreamdust_ecumenical_altar_grove,
          serial_park_tiny_1, dk_noncrumbling_2
D:3:      layout_basic, serial_shops, nicolae_shop_hallway_stairs,
          nicolae_lakefront_shop, uniq_crazy_yiuf_cottage

Skill      XL: |  1  2  3  4  5 |
---------------+----------------+-----
Stealth        | 3 4 |  4.0
Conjurations   | 2 |  2.4
Spellcasting   | 3 |  3.2
Air Magic      | 4 |  4.1
Dodging        | |  1.5

Action                   |  1- 3 |  4- 6 || total
-------------------------+-------+-------++-------
Melee: Unarmed           |     6 |       ||     6
       Bite              |     3 |     2 ||     5
       Dagger            |     1 |     9 ||    10
 Cast: Shock             |    82 |    83 ||   165
       Static Discharge  |     5 |    13 ||    18
  Use: Potion            |       |     1 ||     1
Armor: Robe              |     2 |     1 ||     3
Dodge: Dodged            |    12 |     8 ||    20

Table legend: (Time is in decaauts)
 A = Elapsed time spent in this place.
 B = Non-inter-level travel time spent in this place.
 C = Inter-level travel time spent in this place.
 D = Time resting spent in this place.
 E = Time spent auto-exploring this place.
 F = Levels seen in this place.
 G = Mean time per level.
                   A        B        C        D        E       F      G
               +--------+--------+--------+--------+--------+-----+--------+
         Total |   3198 |   3150 |     48 |     30 |   2670 |   3 | 1066.0 |
       Dungeon |   3198 |   3150 |     48 |     30 |   2670 |   3 | 1066.0 |
               +--------+--------+--------+--------+--------+-----+--------+

Top non-repeatable levels by time:
     D:2: 1276 daAuts
     D:1: 1222 daAuts
     D:3: 698 daAuts
